 Dungeon Crawl Stone Soup version 0.28-b1-25-g9875b3fc8c (webtiles) character file.

Game seed: 12372507741948663863

43 dorian the Ducker (level 3, 0/15 HPs)
             Began as a Felid Transmuter on Feb 4, 2022.
             Slain by Sigmund (6 damage)
             ... on level 2 of the Dungeon.
             The game lasted 00:01:57 (1385 turns).

dorian the Ducker (Felid Transmuter)                Turns: 1385, Time: 00:01:58

Health: 0/15       AC:  1    Str:  3 (6)  XL:     3   Next: 37%
Magic:  7/7        EV: 18    Int: 15 (16) God:
Gold:   69         SH:  0    Dex: 14 (16) Spells: 5/6 levels left
                                        Lives:  0   Deaths: 0

rFire   . . .      SeeInvis +     - Unarmed
rCold   . . .      Faith    .   (shield unavailable)
rNeg    . . .      Spirit   .   (armour unavailable)
rPois   .          Reflect  .   (helmet unavailable)
rElec   .          Harm     .   (cloak unavailable)
rCorr   .          Rampage  .   (gloves unavailable)
Will    .....                   (boots unavailable)
Stlth   +.........              (no amulet)
HPRegen 0.05/turn               (no ring)
MPRegen 0.10/turn               (no ring)

@: appendages (expiring), quick
A: horns 2, very small, claws 1, fangs 3, see invisible, speed 1, shaggy fur 1,
stealthy paws, no weapons or thrown items, no armour, multi-lived
a: End Transformation


You were on level 2 of the Dungeon.
You had temporarily grown beastly horns.
You visited 1 branch of the dungeon, and saw 2 of its levels.

You collected 69 gold pieces.

Inventory:

Wands
 g - a wand of flame (15)
Scrolls
 a - 2 scrolls of teleportation {unknown}
 b - a scroll of identify {unknown}
 c - a scroll of summoning {unknown}
 e - a scroll of noise {unknown}


   Skills:
 - Level 1.0 Fighting
 + Level 4.1 Dodging
 + Level 3.8 Unarmed Combat
 - Level 2.0 Spellcasting
 - Level 2.1 Transmutations


You had 5 spell levels left.
You knew the following spells:

 Your Spells              Type           Power      Damage    Failure   Level
a - Beastly Appendage     Tmut           16%        N/A       9%          1

Your spell library contained the following spells:

 Spells                   Type           Power      Damage    Failure   Level
 Wereblood                Tmut           8%         N/A       14%         2
 Magic Dart               Conj           4%         1d3       22%         1
 Searing Ray              Conj           2%         2d4       32%         2
 Spider Form              Tmut/Pois      4%         N/A       38%         3
 Ice Form                 Ice/Tmut       4%         N/A       80%         4
 Fulminant Prism          Conj/Hex       0%         3d6       91%         4


Dungeon Overview and Level Annotations

Branches:
Dungeon (2/15)

Altars:

Annotations:
D:2 Sigmund


Innate Abilities, Weirdness & Mutations

You have temporarily grown beastly horns.
You have sharp claws.
You have razor-sharp teeth.
You have supernaturally acute eyesight. (SInv)
You cover ground quickly. (Speed+)
You are covered in fur. (AC +1)
Your paws help you pounce on unaware monsters.
You are incapable of wielding weapons or throwing items.
You cannot wear armour.
You gain extra lives every three experience levels.


Message History

You scratch Sigmund. Your headbutt misses Sigmund.
Sigmund is moderately wounded.
Sigmund closely misses you.
You scratch Sigmund.
Sigmund is moderately wounded.
You closely miss Sigmund. You headbutt Sigmund.
Sigmund is heavily wounded.
Sigmund barely misses you.
You scratch Sigmund but do no damage.
Sigmund is heavily wounded.
You scratch Sigmund but do no damage.
Sigmund is heavily wounded.
Sigmund barely misses you.
You closely miss Sigmund. Your headbutt misses Sigmund.
Sigmund is heavily wounded.
Sigmund misses you.
You scratch Sigmund but do no damage.
Sigmund is heavily wounded.
You barely miss Sigmund.
Sigmund is heavily wounded.
Sigmund barely misses you.
You completely miss Sigmund. You headbutt Sigmund.
Sigmund is heavily wounded.
You barely miss Sigmund.
Sigmund is heavily wounded.
Sigmund closely misses you.
You closely miss Sigmund. Your headbutt misses Sigmund.
Sigmund is heavily wounded.
Your transformation is almost over.
Sigmund closely misses you.
You scratch Sigmund. You claw Sigmund.
Sigmund is heavily wounded.
You closely miss Sigmund.
Sigmund is heavily wounded.
Sigmund gestures at you while chanting. The magic dart hits you.
You scratch Sigmund.
Sigmund is severely wounded.
Sigmund hits you with a +0 scythe.
You die...

......#.### #....
#.##.##.# #.#≈
≈.###
........#########..
≈....
#..)..............#
≈#..# ####.######.
#†# # . ..# #.. #.#
..# ≈≈ ###
##..#####K# ..# ≈.
#......##@# ##...
###...#†..@.+ ....#
.........)..# #....
.#..##.#########
####..##
#.......#.....#
##.##..##
#.........###.#
#........
##.######## #.#
##.##).## #. #.#
#.#..... #
#######.####.###.#.
...≈≈..≈≈....#.....


You could see Sigmund and a kobold.

Vanquished Creatures
  2 dart slugs
  2 ball pythons
  4 endoplasms (D:2)
  3 giant cockroaches
  5 goblins
  5 hobgoblins
  3 jackals (D:2)
  4 kobolds
  A frilled lizard (D:2)
  2 rats (D:1)
31 creatures vanquished.

Notes
Turn   | Place    | Note
-------+----------+-------------------------------------------
     0 | D:1      | dorian the Felid Transmuter began the quest for the Orb.
     0 | D:1      | Reached XP level 1. HP: 9/9 MP: 4/4
    91 | D:1      | Reached skill level 3 in Dodging
   118 | D:1      | Found a faded altar of an unknown god.
   141 | D:1      | Reached XP level 2. HP: 9/12 MP: 6/6
  1013 | D:2      | Reached XP level 3. HP: 12/15 MP: 4/7
  1120 | D:2      | Reached skill level 4 in Dodging
  1356 | D:2      | Noticed Sigmund
  1385 | D:2      | Slain by Sigmund

Illustrated notes

Levels and vault maps discovered:
D:1:      roderic_octagonal_star, layout_basic, basic_ecumenical_altar
D:2:      layout_basic, serial_rivers, chequers_serial_rivers_small_3,
          chequers_serial_rivers_micro_d, chequers_serial_rivers_marsh,
          chequers_serial_rivers_marsh, chequers_serial_rivers_micro_b,
          minmay_misc_feat_tower, minmay_misc_feat_roman, uniq_sigmund,
          uniq_crazy_yiuf_cottage

Skill      XL: |  1  2  3 |
---------------+----------+-----
Dodging        | 3 4 |  4.1
Fighting       | |  1.0
Unarmed Combat | |  3.8
Spellcasting   | |  2.0
Transmutations | |  2.1

Action                   || total
-------------------------++-------
Melee: Unarmed           ||    85
       Headbutt          ||    15
       Bite              ||     6
       Punch             ||     2
 Cast: Beastly Appendage ||    23
  Use: Potion            ||     2
 Stab: Sleeping          ||     2
Armor: Skin              ||     3
Dodge: Dodged            ||    57
